 Dungeon Crawl Stone Soup version 0.27-a0-79-gcaaa221d37 (webtiles) character file.

Game seed: 11905166105964490723

13818 dickylongcocking the Black Sun (level 11, -6/89 HPs)
             Began as a Demonspawn Necromancer on Jan 15, 2021.
             Was a High Priest of Kikubaaqudgha.
             Killed from afar by an efreet (10 damage)
             ... with a fireball
             ... on level 13 of the Dungeon.
             The game lasted 00:25:44 (21254 turns).

dickylongcocking the Black Sun (DsNe)              Turns: 21254, Time: 00:25:45

Health: -6/89      AC:  9    Str:  9    XL:     11   Next: 80%
Magic:  21/24      EV: 10    Int: 20    God:    Kikubaaqudgha [*****.]
Gold:   208        SH:  0    Dex: 19    Spells: 4/28 levels left

rFire    + + .     SeeInvis .   j - +12 glaive of Prune {vorpal}
rCold    . . .     Faith    .   (shield currently unavailable)
rNeg     + . .     Spirit   .   N - +1 ring mail {Will+}
rPois    .         Reflect  .   (no helmet)
rElec    .         Harm     .   Z - +0 cloak
rCorr    .         Rampage  .   s - +1 pair of gloves
Will     +....                  (no boots)
Stlth    ++........             a - amulet of Jityameo {RegenMP rN+}
HPRegen  0.24/turn              H - ring "Gugoucim" {Wiz rF+}
MPRegen  0.44/turn              M - +6 ring of dexterity

@: death channel
A: claws 2, demonic guardian 2, fire resistance 1, flame cloud immunity
a: Renounce Religion, Receive Corpses, Torment


You were on level 13 of the Dungeon.
You worshipped Kikubaaqudgha.
Kikubaaqudgha was extremely pleased with you.
You visited 1 branch of the dungeon, and saw 13 of its levels.
You also visited: Ossuary and Bailey.

You collected 1183 gold pieces.
You spent 975 gold pieces at shops.

Inventory:

Hand Weapons
 d - a +0 broad axe of venom
 i - a +0 dagger
 j - the +12 glaive of Prune (weapon) {vorpal}
   (You acquired it on level 11 of the Dungeon)

   It inflicts extra damage upon your enemies.
 t - a +2 dagger of venom
 A - a +2 dagger of speed
 O - a +6 vorpal dire flail
Armour
 s - a +1 pair of gloves (worn)
 w - a +0 buckler
 y - a +0 leather armour
 F - the +0 chain mail "Githape" {rN++ Stlth+}
   (You found it on level 4 of the Dungeon)

   It greatly protects you from negative energy.
   It makes you more stealthy.
 N - a +1 ring mail of willpower (worn)
 Z - a +0 cloak (worn)
Jewellery
 a - the amulet of Jityameo (around neck) {RegenMP rN+}
   (You acquired it on level 11 of the Dungeon)

   [amulet of magic regeneration]

   It increases your magic regeneration.
   It protects you from negative energy.
 b - an uncursed ring of stealth
 e - an uncursed ring of ice
 m - an uncursed ring of resist corrosion
 n - an uncursed ring of willpower
 H - the ring "Gugoucim" (left hand) {Wiz rF+}
   (You found it on level 4 of the Dungeon)

   [ring of wizardry]

   It improves your spell success rate.
   It protects you from fire.
 L - an uncursed ring of flight
 M - a +6 ring of dexterity (right hand)
Wands
 p - a wand of flame (11)
 z - a wand of paralysis (16)
 D - a wand of iceblast (14)
 G - a wand of disintegration (17)
Scrolls
 f - a scroll of identify
 k - 4 scrolls of magic mapping
 l - 2 scrolls of amnesia
 q - 5 scrolls of remove curse
 r - a scroll of enchant weapon
 u - 4 scrolls of enchant armour
 x - a scroll of blinking
 B - a scroll of fear
 J - 2 scrolls of teleportation
 U - a scroll of vulnerability
 W - a scroll of silence
 Y - a scroll of immolation
Potions
 c - 6 potions of curing
 g - 4 potions of resistance
 h - 2 potions of berserk rage
 o - 2 potions of brilliance
 v - 7 potions of haste
 C - 3 potions of attraction
 E - a potion of invisibility
 I - a potion of cancellation
 K - 2 potions of magic
 P - 2 potions of flight
 Q - 3 potions of mutation {unknown}
 R - 2 potions of experience {unknown}
 S - a potion of degeneration {unknown}
 T - 3 potions of might {unknown}
 V - 6 potions of heal wounds {unknown}
 X - a potion of lignification


   Skills:
 * Level 9.3 Fighting
 - Level 1.8 Dodging
 - Level 1.8 Stealth
 - Level 6.6 Shields
 - Level 3.0 Unarmed Combat
 * Level 9.3 Spellcasting
 * Level 11.6 Necromancy
 - Level 4.0 Translocations


You had 4 spell levels left.
You knew the following spells:

 Your Spells              Type           Power        Failure   Level
a - Pain                  Necr           100%         1%          1
b - Apportation           Tloc           50%          1%          1
c - Dispel Undead         Necr           54%          1%          4
d - Animate Dead          Necr           27%          1%          4
e - Death Channel         Necr           27%          11%         6
f - Agony                 Necr           54%          1%          5
x - Vampiric Draining     Necr           27%          1%          3

Your spell library contained the following spells:

 Spells                   Type           Power        Failure   Level
 Animate Skeleton         Necr           100%         1%          1
 Corpse Rot               Necr/Air       N/A          1%          2
 Sublimation of Blood     Necr           27%          1%          2
 Blink                    Tloc           N/A          2%          2
 Beastly Appendage        Tmut           18%          9%          1
 Corona                   Hex            10%          9%          1
 Foxfire                  Conj/Fire      36%          9%          1
 Freeze                   Ice            36%          9%          1
 Magic Dart               Conj           36%          9%          1
 Shock                    Conj/Air       36%          9%          1
 Summon Small Mammal      Summ           36%          9%          1
 Call Imp                 Summ           9%           13%         2
 Poisonous Vapours        Pois/Air       18%          13%         2
 Slow                     Hex            9%           13%         2
 Wereblood                Tmut           9%           13%         2
 Conjure Flame            Conj/Fire      9%           26%         3
 Frozen Ramparts          Ice            18%          26%         3
 Inner Flame              Hex/Fire       9%           26%         3
 Mephitic Cloud           Conj/Pois/Air  9%           26%         3
 Ozocubu's Armour         Ice            9%           26%         3
 Spider Form              Tmut/Pois      4%           26%         3
 Iskenderun's Mystic Bla  Conj/Tloc      17%          34%         4
 Hailstorm                Conj/Ice       9%           61%         4
 Ice Form                 Ice/Tmut       9%           61%         4
 Sticky Flame             Conj/Fire      9%           61%         4
 Summon Ice Beast         Ice/Summ       9%           61%         4
 Summon Lightning Spire   Summ/Air       9%           61%         4
 Excruciating Wounds      Necr           27%          1%          5
 Borgnjor's Vile Clutch   Necr/Erth      16%          21%         5
 Summon Forest            Summ/Tloc      8%           67%         5
 Simulacrum               Ice/Necr       16%          71%         6
 Blade Hands              Tmut           4%           90%         5
 Fireball                 Conj/Fire      4%           90%         5
 Iskenderun's Battlesphe  Conj           9%           90%         5
 Freezing Cloud           Conj/Ice/Air   4%           100%        6


Dungeon Overview and Level Annotations

Branches:
Dungeon (13/15)            Temple (0/1) D:7            Lair (0/6) D:8
    Orc (0/2) D:12        Ossuary (visited)          Bailey (visited)
 Vaults: D:13-14

Altars:
Ashenzari
Cheibriados
Dithmenos
Fedhas
Gozag
Hepliaklqana
Kikubaaqudgha
Makhleb
Nemelex Xobeh
Qazlal
Ru
Sif Muna
Trog
Xom
Yredelemnul

Shops:
D:11 :

Annotations:
D:10 2 transporters


Innate Abilities, Weirdness & Mutations

You have very sharp fingernails.
A demonic guardian rushes to your aid.
Your flesh is heat resistant. (rF+)
You are immune to clouds of flame.


Message History

Your spectral centaur barely misses the centaur warrior.
The centaur shoots an arrow.
The arrow hits your spectral centaur!
Your spectral centaur is destroyed!
The centaur warrior shoots an arrow.
The arrow hits you!!
* * * LOW HITPOINT WARNING * * *
Your spectral centaur hits the centaur!
Your spectral centaur drains the centaur.
There is a stone staircase leading up, spattered with blood here.
You see here 8 arrows.
Unknown command.
Okay, then.
Okay, then.
Okay, then.
Unknown command.
Your spectral centaur hits the centaur warrior!
The centaur shoots an arrow.
The arrow hits your ice devil. The efreet gestures at you.
The fireball explodes!
The fireball engulfs you! You resist.
You die...
Kikubaaqudgha rasps: "You have failed me!
Welcome... death!"

#.... ..## #
..?.....#
#.##.......#
.......#...
..)).#..#
..##.cZ#..#
.....Z4c..###
.##<..(....#
..u.....@.#.#
..##......#
#.....(..
...........#
........>#.#
#.#.......#.#
.......R..# #
.#.##.°..#


You could see a cyan ugly thing, a centaur warrior, an efreet, a centaur
(drained), a friendly ice devil (summoned) and 2 friendly spectral centaurs.

Vanquished Creatures
  A two-headed ogre (D:10)
  An unseen horror (D:11)
  An orc knight (Bailey)
  2 gargoyles (D:12)
  3 trolls
  Prince Ribbit (D:5)
  A hornet (D:10)
  A wraith (D:12)
  2 yaks (D:11)
  Edmund (D:5)
  Menkaure (D:5)
  2 soldier ants (D:8)
  12 orc warriors
  A hornet zombie (D:11)
  5 ice beasts
  A phantom (D:6)
  2 sky beasts
  4 ogres
  8 centaurs
  2 big kobolds
  3 bullfrogs
  A jelly (D:11)
  6 scorpions
  4 killer bees (D:10)
  5 wights (D:10)
  A howler monkey (D:4)
  A quasit (D:7)
  6 orc priests
  A hound (D:7)
  2 bullfrog zombies
  2 bullfrog skeletons
  Ijyb (D:3)
  An iguana (D:12)
  10 orc wizards
  20 worker ants
  A killer bee zombie (D:6)
  A hound skeleton (D:9)
  8 mummies (Ossuary)
  A howler monkey zombie (D:8)
  Robin (D:2)
  16 gnolls
  2 river rats (D:3)
  10 adders
  A shadow imp (D:6)
  An ufetubus (D:6)
  2 oozes
  An adder skeleton (D:5)
  An adder zombie (D:5)
  5 worms
  A dart slug (D:2)
  4 leopard geckos
  48 orcs
  11 bats
  6 giant cockroaches
  26 hobgoblins
  9 jackals
  4 quokkas
  3 ball pythons
  A ball python skeleton (D:4)
  5 frilled lizards
  A gnoll zombie (Ossuary)
  24 goblins
  A hobgoblin zombie (Ossuary)
  2 jackal skeletons
  18 kobolds
  2 kobold zombies (Ossuary)
  A leopard gecko skeleton (D:5)
  4 orc zombies (Ossuary)
  13 rats
351 creatures vanquished.

Vanquished Creatures (collateral kills)
  An orc warlord (Bailey)
  A two-headed ogre (D:8)
  A queen ant (D:8)
  Pikel (D:5)
  Joseph (D:9)
  A kobold demonologist (D:12)
  Eustachio (D:4)
  A wraith (D:10)
  A wyvern (D:10)
  3 yaks (D:11)
  3 soldier ants (D:8)
  6 orc warriors
  An ice beast (D:6)
  An eye of draining (D:12)
  2 ogres
  2 killer bees (D:10)
  2 orc priests
  2 worker ants (D:8)
  2 gnolls (Bailey)
  An adder (D:10)
  2 orcs (Bailey)
  2 goblins (Bailey)
  A hobgoblin (Bailey)
39 creatures vanquished.

Vanquished Creatures (others)
  A scorpion (D:11)
  22 plants (D:12)
  3 withered plants (D:2)
26 creatures vanquished.

Grand Total: 416 creatures vanquished

Notes
Turn   | Place    | Note
-------+----------+-------------------------------------------
     0 | D:1      | dickylongcocking the Demonspawn Necromancer began the quest
                  | for the Orb.
     0 | D:1      | Reached XP level 1. HP: 13/13 MP: 3/3
   533 | D:1      | Gained mutation: Your flesh is heat resistant. (rF+)
                  | [demonic ancestry]
   533 | D:1      | Reached XP level 2. HP: 9/19 MP: 1/5
  1114 | D:1      | You fall into a shaft and drop 1 floor!
  1185 | D:2      | Found an ancient bone altar of Kikubaaqudgha.
  1189 | D:2      | Reached skill level 5 in Necromancy
  1196 | D:2      | Became a worshipper of Kikubaaqudgha
  1826 | D:2      | Reached XP level 3. HP: 21/24 MP: 1/6
  2176 | D:2      | Noticed Robin
  2207 | D:1      | Learned a level 3 spell: Vampiric Draining
  2790 | D:2      | Killed Robin
  2909 | D:1      | Reached XP level 4. HP: 26/30 MP: 0/8
  4001 | D:3      | Noticed an ogre
  4201 | D:3      | Found a broken altar of Ashenzari.
  4217 | D:3      | Reached * piety under Kikubaaqudgha
  4217 | D:3      | Identified Kikubaaqudgha's Collected Works on Stolen Souls
                  | (Kikubaaqudgha gifted it to you on level 3 of the Dungeon)
  4217 | D:3      | Received a gift from Kikubaaqudgha
  4226 | D:3      | Gained mutation: A weak demonic guardian rushes to your
                  | aid. [demonic ancestry]
  4226 | D:3      | Reached XP level 5. HP: 20/36 MP: 3/10
  4399 | D:3      | Found a blossoming altar of Fedhas.
  4494 | D:3      | Noticed Ijyb
  4507 | D:3      | Killed Ijyb
  4508 | D:3      | Reached skill level 6 in Necromancy
  4610 | D:3      | Reached skill level 1 in Fighting
  4732 | D:3      | Killed an ogre
  4733 | D:3      | Reached skill level 1 in Shields
  4926 | D:3      | Learned a level 4 spell: Animate Dead
  5306 | D:3      | Reached XP level 6. HP: 43/43 MP: 7/11
  6365 | D:4      | Got a jewelled chain mail
  6375 | D:4      | Identified the cursed +0 chain mail "Githape" {rN++ Stlth+}
                  | (You found it on level 4 of the Dungeon)
  6713 | D:4      | Got a warped ivory ring
  6773 | D:4      | Found a stormy altar of Qazlal.
  6782 | D:4      | Noticed Eustachio
  6797 | D:4      | Killed Eustachio
  6798 | D:4      | Gained mutation: You have sharp fingernails. [demonic
                  | ancestry]
  6798 | D:4      | Reached XP level 7. HP: 41/51 MP: 7/13
  7024 | D:5      | Entered Level 5 of the Dungeon
  7057 | D:5      | Found a burning altar of Makhleb.
  7110 | D:5      | Noticed Pikel
  7118 | D:5      | Killed Pikel
  7119 | D:5      | Reached skill level 7 in Necromancy
  7317 | D:5      | Noticed Prince Ribbit
  7323 | D:5      | Killed Prince Ribbit
  7324 | D:5      | Reached skill level 5 in Spellcasting
  7324 | D:5      | Gained mutation: You are immune to clouds of flame.
                  | [demonic ancestry]
  7324 | D:5      | Reached XP level 8. HP: 53/60 MP: 8/15
  7328 | D:5      | Identified the ring "Gugoucim" {Wiz rF+} (You found it on
                  | level 4 of the Dungeon)
  7449 | D:5      | Noticed Edmund
  7470 | D:5      | Killed Edmund
  7611 | D:5      | Found a sacrificial altar of Ru.
  7896 | D:5      | Noticed Menkaure
  7909 | D:5      | Killed Menkaure
  8522 | D:6      | Learned a level 1 spell: Apportation
  8648 | D:6      | Found a shadowy altar of Dithmenos.
  8682 | D:6      | Reached skill level 8 in Necromancy
  8747 | D:6      | Reached skill level 5 in Fighting
  8747 | D:6      | Reached ** piety under Kikubaaqudgha
  8843 | D:6      | Found a sparkling altar of Nemelex Xobeh.
  8844 | D:6      | Found an opulent altar of Gozag.
  9516 | D:6      | Gained mutation: A demonic guardian rushes to your aid.
                  | [demonic ancestry]
  9516 | D:6      | Reached XP level 9. HP: 68/68 MP: 18/18
  9747 | D:7      | Found a sand-covered staircase.
  9827 | Ossuary  | Entered an ossuary
 10646 | D:7      | Found a hazy altar of Hepliaklqana.
 10731 | D:7      | Found a staircase to the Ecumenical Temple.
 10819 | D:7      | Reached skill level 5 in Shields
 11580 | D:8      | Found a staircase to the Lair.
 11907 | D:8      | Reached skill level 9 in Necromancy
 11937 | D:8      | Found a basalt altar of Yredelemnul.
 12014 | D:8      | Noticed a queen ant
 12026 | D:8      | Killed a queen ant
 12034 | D:8      | Reached *** piety under Kikubaaqudgha
 12034 | D:8      | Identified Kikubaaqudgha's Almanac of Sinister Rites
                  | (Kikubaaqudgha gifted it to you on level 8 of the Dungeon)
 12034 | D:8      | Received a gift from Kikubaaqudgha
 12053 | D:8      | Reached XP level 10. HP: 28/77 MP: 0/20
 12293 | D:8      | Noticed a two-headed ogre
 12321 | D:8      | Killed a two-headed ogre
 12322 | D:8      | Reached skill level 1 in Unarmed Combat
 12322 | D:8      | Reached skill level 1 in Translocations
 12500 | D:8      | Learned a level 4 spell: Dispel Undead
 13140 | D:9      | Found a flagged portal.
 13168 | Bailey   | Entered a bailey
 13388 | Bailey   | Reached **** piety under Kikubaaqudgha
 13471 | Bailey   | Learned a level 5 spell: Excruciating Wounds
 14046 | Bailey   | Learned a level 5 spell: Agony
 14054 | Bailey   | Noticed an orc knight
 14072 | Bailey   | Killed an orc knight
 14073 | Bailey   | Reached skill level 10 in Necromancy
 14195 | Bailey   | Reached ***** piety under Kikubaaqudgha
 14508 | Bailey   | Noticed an orc warlord
 14516 | Bailey   | Killed an orc warlord
 14734 | Bailey   | Identified the Handbook of the Entourage and Attacks
 14974 | D:9      | Noticed Joseph
 14988 | D:9      | Killed Joseph
 14989 | D:9      | Gained mutation: You have very sharp fingernails. [demonic
                  | ancestry]
 14989 | D:9      | Reached XP level 11. HP: 68/86 MP: 23/23
 15119 | D:9      | Found a bloodstained altar of Trog.
 15121 | D:9      | Found a shimmering altar of Xom.
 15130 | D:9      | Found a shimmering blue altar of Sif Muna.
 15131 | D:9      | Found a snail-covered altar of Cheibriados.
 15790 | D:10     | Entered Level 10 of the Dungeon
 16243 | D:10     | Noticed a two-headed ogre
 16310 | D:10     | Found a shadowy altar of Dithmenos.
 16326 | D:10     | Killed a two-headed ogre
 16551 | D:10     | Found a transporter.
 16552 | D:10     | Found a transporter.
 16555 | D:10     | Noticed a boulder beetle
 16581 | D:10     | Paralysed by a hornet for 2 turns
 17713 | D:11     | Identified a scroll of acquirement
 17716 | D:11     | Acquired the +12 glaive of Prune {vorpal}
 17717 | D:11     | Found the +12 glaive of Prune {vorpal}
 17899 | D:11     | Killed an unseen horror
 17900 | D:11     | Reached skill level 11 in Necromancy
 18502 | D:11     | Found Qowod's Book Shop.
 18506 | D:11     | Bought a book of Unlife for 975 gold pieces
 18514 | D:11     | Learned a level 6 spell: Death Channel
 18616 | D:11     | Acquired the amulet of Jityameo {RegenMP rN+}
 20033 | D:12     | Found a staircase to the Orcish Mines.
 21247 | D:13     | Noticed a centaur warrior
 21252 | D:13     | Noticed a cyan ugly thing
 21253 | D:13     | HP: 3/89 [centaur warrior/arrow (18)]
 21254 | D:13     | Killed from afar by an efreet

Illustrated notes

Levels and vault maps discovered:
D:1:      dpeg_arrival_shelter, layout_basic
D:2:      layout_basic, kiku_gazebo_garden_becter, uniq_robin
D:3:      minmay_chambers_of_twos, layout_basic, cheibrodos_ashenzari_chains,
          lightli_sewer_entry_pipes, chequers_jeans, fedhas_altar_2, uniq_ijyb
D:4:      layout_loops_ring, grunt_qazlal_clouds, minmay_tree_intersection,
          grunt_decor_clamped, small_statue_intersection, minivault_23,
          minmay_misc_feat_secret_circle, minmay_checkerbox, uniq_eustachio
D:5:      layout_loops_ring, kennysheep_mini, kennysheep_mini_moat,
          roderic_st_hans_cross, uniq_menkaure, uniq_edmund,
          uniq_prince_ribbit1, uniq_pikel
D:6:      minmay_general_purpose_star, layout_loops_ring,
          grunt_temple_overflow_opulence, kennysheep_little_box,
          lightli_corner_chamber
D:7:      layout_loops_ring, overflow_temple_1_default,
          minmay_temple_entry_proselytizer, chequers_ossuary_entry_cave
D:8:      layout_loops_cross, dpeg_oklobed_lair, basic_altar,
          minmay_another_anthill
D:9:      layout_long_grid, minitemple, enter_bailey_6, kennysheep_minor_cross,
          uniq_joseph
D:10:     gammafunk_boulding_lane, layout_cave_pods, serial_rivers,
          chequers_serial_rivers_micro_a, chequers_serial_rivers_marsh,
          chequers_serial_rivers_marsh, chequers_serial_rivers_room_b,
          chequers_serial_rivers_micro_b, nicolae_dithmenos_the_darkroom
D:11:     layout_irregular_city, serial_shops, shop_fountains,
          lemuel_flamethrower_1
D:12:     wad_woods_pond, layout_layer_cave, roderic_nine_men_s_morris
D:13:     minmay_wizard_corner, layout_basic, david_vaults_2,
          gammafunk_ghost_icy, glass_columns_a, uniq_rupert, uniq_sonja

Skill      XL: |  1  2  3  4  5  6  7  8  9 10 11 |
---------------+----------------------------------+-----
Necromancy     | 5 6 7 8 9 10 11 | 11.6
Spellcasting   | 3 4 5 6 7 8 9 |  9.3
Fighting       | 1 2 3 5 6 7 9 |  9.3
Shields        | 1 2 3 4 5 6 |  6.6
Unarmed Combat | 1 3 |  3.0
Translocations | 3 4 |  4.0
Dodging        | |  1.8
Stealth        | |  1.8

Action                   |  1- 3 |  4- 6 |  7- 9 | 10-12 || total
-------------------------+-------+-------+-------+-------++-------
Melee: Club              |     5 |       |       |       ||     5
       War axe           |    14 |    16 |       |       ||    30
       Dagger            |       |   171 |       |    56 ||   227
       Hand axe          |       |     7 |    31 |       ||    38
       Dire flail        |       |       |   236 |    55 ||   291
       Broad axe         |       |       |       |    43 ||    43
       Unarmed           |       |       |       |   139 ||   139
       Punch             |       |       |       |     2 ||     2
       Glaive            |       |       |       |    50 ||    50
 Cast: Pain              |    54 |    26 |    11 |    43 ||   134
       Vampiric Draining |     5 |    20 |    36 |   126 ||   187
       Animate Dead      |       |     1 |     6 |     9 ||    16
       Apportation       |       |       |     1 |       ||     1
       Excruciating Woun |       |       |       |     6 ||     6
       Agony             |       |       |       |     2 ||     2
       Dispel Undead     |       |       |       |    11 ||    11
       Death Channel     |       |       |       |     2 ||     2
Evoke: Wand              |       |       |       |    16 ||    16
  Use: Scroll            |       |     1 |    16 |    14 ||    31
       Potion            |       |       |     7 |     5 ||    12
 Stab: Sleeping          |     1 |    17 |       |     2 ||    20
       Distracted        |       |       |     1 |     1 ||     2
       Paralysed         |       |       |       |    16 ||    16
Armor: Robe              |    10 |    14 |       |       ||    24
       Leather armour    |       |    31 |     8 |       ||    39
       Ring mail         |       |       |   146 |   227 ||   373
       Skin              |       |       |     2 |       ||     2
Dodge: Dodged            |    51 |   100 |   221 |   253 ||   625
Block: Buckler           |       |    17 |    10 |    56 ||    83

Table legend: (Time is in decaauts)
 A = Elapsed time spent in this place.
 B = Non-inter-level travel time spent in this place.
 C = Inter-level travel time spent in this place.
 D = Time resting spent in this place.
 E = Time spent auto-exploring this place.
 F = Levels seen in this place.
 G = Mean time per level.
                   A        B        C        D        E       F      G
               +--------+--------+--------+--------+--------+-----+--------+
         Total |  21478 |  20867 |    611 |   4853 |  12679 |  15 | 1431.9 |
       Dungeon |  18994 |  18383 |    611 |   3548 |  12053 |  13 | 1461.1 |
       Ossuary |    773 |    773 |      0 |    365 |    258 |   1 |  773.0 |
        Bailey |   1711 |   1711 |      0 |    940 |    368 |   1 | 1711.0 |
               +--------+--------+--------+--------+--------+-----+--------+

Top non-repeatable levels by time:
     D:1: 2683 daAuts
    D:12: 2052 daAuts
     D:3: 1941 daAuts
    D:10: 1844 daAuts
  Bailey: 1711 daAuts
     D:8: 1615 daAuts
    D:11: 1606 daAuts
     D:2: 1467 daAuts
     D:5: 1442 daAuts
     D:6: 1236 daAuts
     D:7: 1065 daAuts
     D:9: 1048 daAuts
     D:4: 984 daAuts
 Ossuary: 773 daAuts
    D:13: 6 daAuts
